 Dungeon Crawl Stone Soup version 0.19.0-20-gbc5f0c6 (webtiles) character file.

791 lorenzova the Archer (level 7, 0/56 HPs)
             Began as a Centaur Hunter on Nov 17, 2016.
             Was an Initiate of Ashenzari.
             Slain by a gnoll (2 damage)
             ... on level 5 of the Dungeon.
             The game lasted 00:07:59 (3948 turns).

lorenzova the Archer (Centaur Hunter)               Turns: 3948, Time: 00:07:59

Health: 0/56       AC:  9    Str: 16    XL:     7   Next: 57%
Magic:  7/7        EV:  7    Int: 10    God:    Ashenzari [......]
Gold:   142        SH:  0    Dex: 14    Spells: 0 memorised, 6 levels left

rFire  . . .     SeeInvis .     b - +0 short sword
rCold  + . .     Gourm    .     E - +0 leather armour {rC+}
rNeg   . . .     Faith    .     (no shield)
rPois  +         Spirit   .     (no helmet)
rElec  .         Reflect  .     (no cloak)
rCorr  .         Harm     .     H - +0 pair of gloves
MR     +....                    y - +0 centaur barding (curse)
Stlth  +.........               (no amulet)
                                r - ring of poison resistance
                                p - ring of protection from magic (curse)

@: very quick
A: hooves 3, agile 1, deformed body, speed 2, frail 1, strong 1, tough skin 3
a: Curse Item, Renounce Religion


You were on level 5 of the Dungeon.
You worshipped Ashenzari.
Ashenzari was noncommittal.
You were near starving.

You visited 1 branch of the dungeon, and saw 5 of its levels.

You collected 142 gold pieces.

Inventory:

Hand Weapons
 a - a +1 shortbow
 b - a +0 short sword (weapon)
Missiles
 d - 8 arrows
Armour
 c - a +0 leather armour
 g - a +0 ring mail
 l - a +0 centaur barding
 y - a cursed +0 centaur barding (worn)
 E - a +0 leather armour of cold resistance (worn)
 H - a +0 pair of gloves (worn)
Jewellery
 p - a cursed ring of protection from magic (left hand)
 r - a ring of poison resistance (right hand)
 s - an uncursed ring of magical power
Wands
 B - a wand of acid (8/15)
 C - a wand of flame (18/48)
 G - a wand of flame (32/48)
Scrolls
 i - 3 scrolls of immolation
 n - 3 scrolls of teleportation
 o - a scroll of enchant weapon {unknown}
 q - 2 scrolls of remove curse
 t - 2 scrolls of noise {unknown}
 u - 2 scrolls of magic mapping {unknown}
 A - a scroll of fear {unknown}
 D - 2 scrolls of identify
Potions
 e - a potion of cure mutation
 j - a potion of ambrosia
 k - a potion of mutation
 v - 2 potions of curing
 w - 2 potions of degeneration
 x - a potion of heal wounds
 z - a potion of berserk rage
 I - a potion of cancellation {unknown}
Books
 F - a book of Changes

   Spells                             Type                      Level
   a - Beastly Appendage              Transmutation                1
   b - Sticks to Snakes               Transmutation                2
   c - Spider Form                    Transmutation/Poison         3
   d - Ice Form                       Ice/Transmutation            4
   e - Blade Hands                    Transmutation                5
Comestibles
 f - 3 bread rations
 h - 3 meat rations
 m - 2 beef jerkies


   Skills:
 + Level 6.2 Fighting
 + Level 9.5 Bows
 - Level 1.3 Dodging
 - Level 0.4 Stealth


You had 6 spell levels left.
You didn't know any spells.

Dungeon Overview and Level Annotations

Branches:
Dungeon (5/15)
 Temple: D:4-7

Altars:
Ashenzari
Dithmenos
Makhleb
Trog

Shops:
D:4 %

Annotations:
D:5 Edmund


Innate Abilities, Weirdness & Mutations

You have hooves in place of feet.
Armour fits poorly on your strangely shaped body.
You cover ground very quickly.
You have extremely tough skin. (AC +3)
You are agile. (Dex +2)
You are frail. (-10% HP)
Your muscles are strong. (Str +2)


Message History

The gnoll hits you but does no damage.
You hit the gnoll. Your kick misses the gnoll.
The gnoll is almost dead.
The gnoll hits you but does no damage.
You hit the gnoll.
You kill the gnoll!
The gnoll throws a throwing net.
The throwing net hits you.
You become entangled in the net!
You struggle against the net.
You struggle against the net.
The gnoll hits you.
* * * LOW HITPOINT WARNING * * *
You rip the net and break free!
The gnoll barely misses you.
You hit the gnoll but do no damage. The gnoll barely misses you.
You completely miss the gnoll. You kick the gnoll.
The gnoll is moderately wounded.
The gnoll hits you but does no damage. x2
You closely miss the gnoll. You kick the gnoll.
The gnoll is severely wounded.
The gnoll hits you.
You die...

#+ .# .. .# g# #.#
g#####.#
#######g##....#
#.......##....#
#......# #..(.#
##......###....###
........g@.†(....+
##......######.###
#.....$......<#
#######.####.## .#
#.# .. #.# ### #.#
..# ###


You could see a gnoll.

Vanquished Creatures
  Grinder (D:3)
  An ice beast (D:3)
  An ogre (D:4)
  The ghost of dscm the Insei, a weakling OpTm (D:4)
  A bullfrog zombie (D:4)
  2 hounds (D:4)
  An orc priest (D:4)
  A centaur skeleton (D:4)
  Jessica (D:2)
  A gnoll shaman (D:5)
  Robin (D:4)
  3 adders
  4 gnolls (D:5)
  2 oozes
  An adder skeleton (D:4)
  2 worms
  3 dart slugs
  A leopard gecko (D:1)
  9 orcs
  2 giant cockroaches (D:1)
  13 goblins
  15 hobgoblins
  7 jackals
  6 kobolds
  3 quokkas
  2 ball pythons
  3 bats
  4 frilled lizards
  5 rats
97 creatures vanquished.

Notes
Turn   | Place    | Note
-------+----------+-------------------------------------------
     0 | D:1      | lorenzova the Centaur Hunter began the quest for the Orb.
     0 | D:1      | Reached XP level 1. HP: 17/17 MP: 1/1
   168 | D:1      | Reached XP level 2. HP: 3/25 MP: 2/2
  1031 | D:2      | Noticed Jessica
  1035 | D:2      | Reached skill level 6 in Bows
  1037 | D:2      | Killed Jessica
  1037 | D:2      | Reached XP level 3. HP: 30/31 MP: 3/3
  1255 | D:2      | Found a shadowy altar of Dithmenos.
  1344 | D:2      | Reached XP level 4. HP: 38/38 MP: 4/4
  1352 | D:2      | Found a bloodstained altar of Trog.
  1448 | D:2      | Found a burning altar of Makhleb.
  1622 | D:2      | Found a shattered altar of Ashenzari.
  1646 | D:2      | Became a worshipper of Ashenzari the Shackled
  1674 | D:2      | Found a faded altar of an unknown god.
  1922 | D:3      | Noticed Grinder
  1933 | D:3      | Killed Grinder
  1933 | D:3      | Reached skill level 7 in Bows
  1933 | D:3      | Reached XP level 5. HP: 36/47 MP: 5/5
  1933 | D:3      | Reached XP level 6. HP: 41/53 MP: 6/6
  2156 | D:3      | Noticed an ice beast
  2171 | D:3      | Killed an ice beast
  2171 | D:3      | Reached skill level 5 in Fighting
  2171 | D:3      | Reached skill level 8 in Bows
  2607 | D:4      | Noticed Robin
  2631 | D:4      | Killed Robin
  2905 | D:4      | Reached XP level 7. HP: 62/62 MP: 7/7
  2936 | D:4      | Reached skill level 9 in Bows
  3006 | D:4      | Noticed dscm's ghost (weakling OpTm)
  3021 | D:4      | Killed dscm's ghost
  3064 | D:4      | Found Dyigy's Food Emporium.
  3528 | D:5      | Entered Level 5 of the Dungeon
  3602 | D:5      | Gained mutation: Your muscles are strong. (Str +2) [potion of mutation]
  3602 | D:5      | Gained mutation: You are agile. (Dex +2) [potion of mutation]
  3602 | D:5      | Gained mutation: You are frail. (-10% HP) [potion of mutation]
  3714 | D:5      | Noticed Edmund
  3940 | D:5      | HP: 2/56 [gnoll (3)]
  3948 | D:5      | Slain by a gnoll

Skill      XL: |  1  2  3  4  5  6  7 |
---------------+----------------------+-----
Bows           | 6 7 8 9 |  9.5
Fighting       | 3 4 5 6 |  6.2
Dodging        | |  1.3
Stealth        | |  0.4

Action                   |  1- 3 |  4- 6 |  7- 9 || total
-------------------------+-------+-------+-------++-------
Melee: Short sword       |    68 |       |   106 ||   174
       Kick              |    12 |       |    33 ||    45
 Fire: Shortbow          |    51 |   150 |    56 ||   257
  Use: Scroll            |       |     6 |     2 ||     8
       Potion            |       |       |     1 ||     1
  Eat: Chunk             |       |     3 |     2 ||     5
Armor: Ring mail         |    46 |    18 |     2 ||    66
       Leather armour    |       |       |    45 ||    45
Dodge: Dodged            |    41 |    11 |    44 ||    96
